Map: Cañón atribulado

Players

Mish

  • Race: Protoss Protoss
  • League: Bronze
  • Spawn Location: 7:00

javichosky

  • Race: Protoss Protoss
  • Spawn Location: 6:00

panda

  • Race: Terran Terran
  • League: Silver
  • Spawn Location: 6:00

TATORREA - Winner!

  • Race: Protoss Protoss
  • League: Gold
  • Spawn Location: 3:00

MrFercho - Winner!

  • Race: Zerg Zerg
  • League: Silver
  • Spawn Location: 12:00

tigro - Winner!

  • Race: Terran Terran
  • League: Bronze
  • Spawn Location: 12:00

VOD

Have the link to the VOD?

Description

Time

  • Played on: July 1, 2020, 9:42 p.m.
  • Length: 14:50
Show
View Real Time Build Order
Export as new Build Order

Mish Protoss 

Build Orders:  

Get SALT Encoding   

  1  0:00  Probe  
  13  0:18  Pylon  
  13  0:24  Probe  
  14  0:42  Forge  
  14  0:50  Gateway  
  14  0:54  Probe  
  15  1:11  Pylon  
  15  1:22  Pylon  
  15  1:31  Photon Cannon  
  14  1:54  Photon Cannon  
  14  2:02  Photon Cannon  
  14  2:04  Cybernetics Core  
  14  2:10  Zealot  
  14  2:12  Probe  
  16  2:15  Assimilator  
  16  2:20  Probe  
  18  2:30  Probe  
  19  2:42  Probe  
  20  2:50  Nexus  
  20  2:51  Warp Gate  
  20  3:01  Probe  
  21  3:09  Probe  
  21  3:12  Pylon  
  21  3:18  Probe  
  23  3:41  Robotics Facility  
  23  3:50  Assimilator  
  23  3:52  Probe  
  24  4:00  Probe  
  24  4:04  Probe  
  24  4:08  Probe  
  26  4:16  Probe  
  28  4:17  Probe  
  29  4:28  Probe, Warp Prism  
  29  4:30  Probe  
  33  4:40  Probe  
  33  4:42  Probe  
  35  4:52  Probe  
  36  5:04  Gateway x2  
  36  5:07  Gateway  
  36  5:08  Gateway  
  36  5:09  Assimilator  
  36  5:12  Protoss Ground Weapons Level 1  
  36  5:14  Assimilator  
  36  5:21  Forge  
  36  5:24  Pylon  
  36  5:31  Pylon  
  36  6:12  Stalker x2  
  36  6:13  Stalker x3  
  36  6:33  Protoss Ground Armor Level 1  
  36  6:38  Stalker  
  36  6:39  Stalker x2  
  42  6:40  Stalker x2  
  44  6:55  Twilight Council, Probe  
  44  6:59  Pylon  
  45  7:03  Probe  
  45  7:06  Immortal  
  50  7:13  Probe  
  51  7:25  Probe  
  52  7:37  Probe  
  52  7:39  Stalker x4  
  59  8:17  Pylon  
  59  8:30  Pylon  
  59  8:43  Stalker x2  
  59  8:44  Stalker x3  
  69  9:08  Stalker  
  69  9:09  Stalker x2  
  67  9:55  Stalker x5  
  77  10:11  Protoss Ground Armor Level 2  
  45  10:45  Stalker x4  
  45  10:46  Stalker  
  47  11:14  Nexus  
  47  11:18  Nexus  
  47  11:23  Nexus  
  47  11:28  Photon Cannon  
  47  11:30  Photon Cannon  
  47  11:31  Photon Cannon  
  47  11:33  Photon Cannon  
  47  11:35  Photon Cannon  
  47  11:37  Photon Cannon  
  47  11:39  Photon Cannon  
  47  11:45  Pylon  
  47  11:50  Pylon  
  47  12:05  Assimilator  
  47  12:15  Assimilator  
  43  12:19  Assimilator  
  42  12:25  Stalker x4  
  42  12:26  Stalker  
  36  12:50  Stalker x4  
Show
View Real Time Build Order
Export as new Build Order

javichosky Protoss 

Build Orders:  

Get SALT Encoding   

  12  0:20  Pylon  
  12  0:41  Pylon  
  12  0:49  Probe  
  13  0:54  Pylon  
  13  0:59  Assimilator  
  13  1:01  Probe  
  14  1:10  Probe  
  14  1:16  Forge  
  14  1:18  Probe  
  16  1:27  Probe  
  17  1:39  Probe  
  18  1:41  Assimilator  
  18  1:51  Probe  
  19  2:03  Photon Cannon, Probe  
  19  2:05  Photon Cannon  
  20  2:15  Photon Cannon  
  20  2:25  Probe  
  21  2:33  Probe  
  21  2:43  Gateway  
  22  3:05  Pylon  
  22  3:17  Nexus  
  22  3:26  Pylon  
  22  3:30  Pylon  
  22  3:37  Cybernetics Core  
  22  4:15  Pylon  
  22  4:25  Photon Cannon  
  22  4:29  Photon Cannon  
  22  4:38  Photon Cannon  
  22  4:47  Photon Cannon  
  22  5:09  Photon Cannon  
  22  5:11  Photon Cannon  
  22  5:21  Photon Cannon  
  22  5:24  Photon Cannon  
  22  5:27  Photon Cannon  
  22  5:34  Probe  
  22  5:35  Pylon  
  22  5:40  Pylon  
  23  5:43  Probe x2  
  25  5:51  Probe x2  
  27  6:00  Probe  
  28  6:08  Probe  
  28  6:16  Stargate  
  28  6:17  Probe  
  29  6:18  Stargate  
  29  6:21  Stargate  
  30  6:29  Probe  
  31  6:36  Assimilator  
  31  6:38  Probe  
  31  6:46  Probe  
  33  6:56  Probe  
  34  7:08  Probe  
  35  7:17  Robotics Facility  
  35  7:20  Robotics Facility  
  35  7:51  Photon Cannon  
  35  7:58  Photon Cannon  
  35  8:05  Photon Cannon, Immortal  
  39  8:10  Immortal  
  43  8:34  Void Ray x2  
  43  8:41  Probe  
  51  8:44  Immortal  
  56  8:49  Immortal  
  56  8:53  Probe  
  61  8:56  Assimilator  
  61  9:05  Probe  
  62  9:17  Probe  
  62  9:23  Immortal  
  67  9:28  Photon Cannon, Immortal  
  67  9:29  Probe  
  67  9:31  Photon Cannon  
  72  9:39  Photon Cannon  
  72  9:49  Photon Cannon  
  72  10:03  Observer  
  73  10:07  Observer  
  74  10:19  Void Ray x3  
  86  10:58  Immortal  
  86  11:01  Void Ray x2  
  86  11:02  Void Ray  
  102  11:22  Pylon  
  102  11:27  Fleet Beacon  
  102  11:43  Nexus  
  102  11:44  Void Ray x2  
  110  11:56  Pylon  
  110  12:01  Pylon  
  110  12:05  Pylon  
  110  12:14  Void Ray  
  114  12:27  Void Ray  
  70  13:21  Tempest x3  
  58  14:04  Tempest x2  
  71  14:18  Forge  
Show
View Real Time Build Order
Export as new Build Order

panda Terran 

Build Orders:  

Get SALT Encoding   

  12  0:02  SCV  
  13  0:14  SCV  
  14  0:29  Supply Depot  
  14  0:38  Supply Depot  
  14  0:59  Barracks  
  14  1:08  Barracks  
  14  1:14  SCV, Refinery  
  15  1:26  SCV  
  16  1:38  SCV  
  17  1:50  SCV  
  18  2:02  SCV  
  18  2:05  Command Center  
  19  2:15  SCV  
  20  2:16  Barracks Tech Lab  
  20  2:17  Refinery  
  20  2:29  Barracks Reactor  
  20  2:34  SCV  
  21  2:46  SCV  
  22  2:58  SCV  
  24  3:16  Orbital Command  
  24  3:19  Marine x3  
  26  3:20  Factory  
  26  3:37  Marine x3  
  29  3:45  Combat Shield  
  29  3:48  SCV  
  29  3:54  Marine  
  29  3:55  SCV  
  32  4:00  SCV  
  33  4:07  SCV  
  34  4:13  Factory Tech Lab, SCV  
  34  4:16  Starport  
  35  4:19  SCV  
  36  4:25  Engineering Bay, SCV  
  37  4:37  SCV  
  38  4:39  SCV  
  39  4:49  SCV  
  39  4:51  SCV  
  41  5:01  SCV  
  41  5:03  SCV  
  43  5:10  Supply Depot x2  
  43  5:13  SCV  
  44  5:16  Supply Depot, SCV  
  44  5:17  Supply Depot  
  45  5:25  SCV  
  46  5:32  SCV  
  47  5:37  SCV  
  47  5:41  Medivac  
  50  5:44  SCV  
  50  5:48  Fusion Core  
  50  5:49  SCV  
  52  5:51  Starport  
  52  5:55  Starport  
  52  5:56  Siege Tank, SCV  
  56  6:01  SCV  
  57  6:08  SCV  
  57  6:11  Medivac  
  60  6:13  Refinery  
  60  6:14  SCV  
  60  6:16  Refinery  
  61  6:20  SCV  
  62  6:54  Command Center  
  62  6:58  Refinery  
  62  7:02  Refinery  
  62  7:09  Orbital Command  
  62  7:18  Siege Tank  
  64  7:35  Marine x2  
  64  7:36  Marine  
  66  7:53  Marine x3  
  69  8:13  Starport Tech Lab x3  
  69  8:16  Siege Tank  
  75  8:48  Siege Tank  
  73  9:08  Marine  
  73  9:09  Marine x2  
  76  9:26  Marine  
  76  9:27  Marine x2  
  79  9:44  Marine  
  79  9:45  Marine x2  
  82  9:49  Armory  
  82  10:02  Marine x3  
  85  10:20  Marine  
  92  10:21  Battlecruiser x2  
  98  10:37  Armory  
  98  10:41  Battlecruiser  
  85  11:10  Starport  
  85  11:22  Starport  
  85  11:24  Starport x2  
  85  11:25  Battlecruiser x2, Weapon Refit  
  91  11:26  Armory  
  91  11:30  Starport  
  97  11:35  Siege Tank  
  100  11:42  Orbital Command  
  100  11:50  Supply Depot  
  100  11:52  Supply Depot  
  100  11:54  Supply Depot  
  100  11:55  Supply Depot  
  100  11:56  Supply Depot  
  100  12:02  Starport  
  100  12:12  Battlecruiser, Siege Tank  
  100  12:13  Terran Vehicle Weapons Level 1  
  100  12:14  Terran Vehicle And Ship Armor Level 1  
  100  12:15  Terran Ship Weapons Level 1  
  109  12:24  Starport Tech Lab x3  
  109  12:25  Starport Tech Lab  
  109  12:35  Starport Tech Lab  
  68  13:23  Battlecruiser x2  
  68  13:24  Battlecruiser  
Show
View Real Time Build Order
Export as new Build Order

TATORREA Protoss - Winner!

Build Orders: Carriers 

Get SALT Encoding   

  12  0:01  Probe  
  13  0:14  Probe  
  14  0:23  Pylon  
  14  0:26  Probe  
  15  0:41  Probe  
  16  0:53  Probe  
  16  0:54  Gateway  
  17  1:02  Assimilator  
  17  1:05  Probe  
  18  1:13  Probe  
  19  1:21  Probe  
  20  1:33  Probe  
  21  1:46  Probe  
  22  1:59  Pylon  
  22  2:00  Probe  
  23  2:02  Assimilator  
  23  2:17  Probe  
  23  2:19  Cybernetics Core  
  24  2:25  Nexus  
  24  2:28  Pylon  
  24  2:29  Probe  
  25  2:42  Probe  
  26  2:46  Gateway  
  26  2:48  Forge  
  26  2:54  Probe  
  26  2:55  Warp Gate  
  27  3:04  Stalker  
  29  3:06  Probe  
  29  3:11  Protoss Ground Weapons Level 1  
  30  3:18  Probe  
  31  3:28  Pylon  
  31  3:32  Probe  
  32  3:34  Sentry  
  32  3:37  Probe  
  35  3:44  Probe  
  36  3:50  Probe  
  36  3:52  Pylon  
  37  3:56  Probe  
  37  4:02  Probe  
  39  4:04  Assimilator  
  39  4:05  Stalker  
  39  4:08  Assimilator  
  41  4:22  Nexus  
  41  4:26  Pylon  
  41  4:27  Probe  
  41  4:28  Probe  
  43  4:51  Robotics Facility  
  43  4:54  Stargate  
  43  4:55  Stargate  
  43  4:56  Stargate  
  43  4:58  Probe  
  44  5:00  Probe  
  45  5:08  Stalker  
  45  5:11  Stalker  
  45  5:13  Probe  
  50  5:16  Probe  
  51  5:26  Protoss Shields Level 1  
  51  5:28  Probe x2  
  53  5:39  Pylon  
  53  5:41  Probe x2  
  53  5:42  Probe  
  56  5:43  Pylon  
  56  5:53  Probe x2  
  56  5:54  Probe  
  59  6:04  Pylon  
  59  6:07  Pylon, Probe x3  
  62  6:18  Nexus  
  62  6:21  Pylon  
  62  6:23  Probe x3  
  65  6:31  Stalker  
  65  6:32  Stalker  
  69  6:35  Probe x3  
  69  6:39  Observer  
  73  6:52  Probe x3  
  73  6:54  Fleet Beacon  
  76  6:58  Stalker  
  76  6:59  Stalker  
  76  7:01  Immortal  
  84  7:11  Probe  
  84  7:12  Probe x2  
  85  7:24  Probe x3  
  85  7:28  Gateway  
  86  7:30  Gateway  
  86  7:33  Gateway  
  86  7:35  Gateway  
  86  7:36  Probe x3  
  77  7:45  Stalker x2  
  77  7:48  Probe x2  
  81  7:52  Probe  
  82  7:58  Assimilator  
  82  8:00  Probe x2  
  82  8:02  Assimilator  
  82  8:04  Tempest, Carrier, Probe  
  82  8:05  Carrier  
  102  8:09  Stalker  
  102  8:10  Stalker  
  102  8:12  Probe x2  
  108  8:15  Assimilator  
  108  8:16  Probe  
  108  8:19  Assimilator  
  109  8:28  Probe x3  
  109  8:33  Probe  
  113  8:35  Stalker  
  113  8:36  Stalker  
  113  8:37  Sentry x2  
  113  8:38  Sentry x2  
  125  8:41  Immortal  
  125  8:47  Carrier  
  135  9:08  Tempest  
  140  9:14  Carrier  
  146  9:32  Nexus  
  146  9:38  Pylon x2  
  146  9:39  Stalker  
  146  9:42  Forge  
  146  9:44  Twilight Council  
  148  9:47  Cybernetics Core  
  148  9:49  Forge  
  148  9:51  Pylon  
  148  9:54  Pylon  
  148  9:56  Tempest  
  148  9:59  Pylon  
  153  10:04  Pylon  
  153  10:06  Stalker x2  
  153  10:07  Stalker x3  
  159  10:10  Pylon  
  159  10:13  Pylon  
  163  10:14  Protoss Ground Armor Level 1  
  163  10:17  Pylon  
  163  10:20  Stalker, Pylon  
  165  10:28  Tempest, Carrier  
  176  10:39  Carrier  
  174  10:45  Stalker x2  
  174  10:46  Stalker x3  
  180  10:52  Protoss Air Weapons Level 1  
  180  11:09  Pylon  
  180  11:11  Tempest  
  180  11:13  Pylon  
  180  11:15  Pylon, Protoss Ground Weapons Level 2  
  185  11:23  Pylon  
  185  11:33  Carrier  
  185  11:34  Stalker x2  
  185  11:35  Stalker x2  
  199  11:40  Assimilator  
  199  11:43  Assimilator  
  195  12:43  Tempest, Carrier  
  198  13:12  Carrier  
  192  13:26  Tempest  
Show
View Real Time Build Order
Export as new Build Order

MrFercho Zerg - Winner!

Build Orders: Pool First, Lurkers, Muta Ling Bane 

Get SALT Encoding   

  12  0:01  Drone  
  13  0:15  Extractor  
  12  0:24  Drone  
  13  0:31  Spawning Pool  
  13  0:34  Drone  
  13  0:40  Drone  
  14  0:48  Overlord  
  14  0:58  Overlord  
  14  1:06  Drone  
  14  1:09  Drone  
  16  1:19  Zergling x2  
  16  1:23  Queen  
  19  1:34  Zergling x2  
  20  1:41  Metabolic Boost  
  20  1:46  Zergling x2  
  21  1:54  Drone  
  22  2:23  Lair  
  22  2:26  Drone x3  
  25  2:30  Extractor  
  24  2:38  Zergling x6  
  24  2:41  Drone  
  28  2:58  Drone  
  29  3:00  Hatchery  
  29  3:04  Evolution Chamber  
  27  3:14  Baneling Nest, Drone  
  27  3:16  Drone  
  28  3:29  Zergling x4  
  28  3:31  Overlord  
  30  3:39  Zerg Melee Weapons Level 1  
  30  3:50  Drone  
  30  3:54  Drone  
  32  3:59  Drone x3  
  35  4:05  Centrifical Hooks  
  35  4:11  Drone  
  36  4:32  Nydus Network  
  36  4:34  Drone x5  
  40  4:40  Extractor  
  40  4:42  Extractor  
  40  4:44  Zergling x2  
  40  4:45  Zergling x2  
  40  4:47  Zergling x2  
  40  4:49  Zergling x2  
  40  4:52  Zergling x2  
  43  4:55  Overseer  
  43  5:08  Drone, Spore Crawler  
  43  5:09  Drone, Spore Crawler  
  43  5:13  Drone  
  44  5:16  Overlord  
  44  5:45  Baneling  
  44  5:51  Spore Crawler  
  44  5:54  Queen, Spore Crawler  
  44  6:13  Zergling x16  
  52  6:25  Nydus Canal  
  52  6:30  Overlord  
  52  6:31  Overlord  
  52  6:54  Zergling x2  
  52  6:55  Zergling x8  
  47  7:23  Zergling x2  
  47  7:24  Zergling x12  
  43  7:41  Baneling  
  43  7:42  Baneling x9  
  43  7:45  Zergling x12  
  43  7:50  Zerg Melee Weapons Level 2  
  49  7:56  Spire  
  48  7:59  Zergling x4  
  48  8:04  Drone  
  48  8:05  Drone x6  
  57  8:31  Hydralisk Den  
  57  8:34  Drone x11  
  55  9:01  Hydralisk  
  55  9:02  Hydralisk x6  
  63  9:20  Mutalisk x2  
  63  9:22  Overlord  
  63  9:23  Overlord  
  67  9:28  Hatchery  
  67  9:29  Extractor  
  65  9:32  Muscular Augments  
  65  9:36  Extractor  
  65  9:37  Drone x3  
  67  9:39  Drone  
  67  9:43  Drone x3  
  71  10:05  Zerg Flyer Weapons Level 1  
  71  10:07  Zerg Missile Weapons Level 1  
  71  10:12  Nydus Network  
  70  10:16  Evolution Chamber, Drone x4  
  70  10:20  Hydralisk  
  70  10:21  Hydralisk x2  
  79  10:44  Grooved Spines  
  65  11:00  Hydralisk x9  
  65  11:01  Hydralisk x3  
  89  11:08  Drone  
  89  11:10  Overlord x2  
  90  11:33  Lurker Den  
  89  11:45  Zerg Ground Armor Level 1, Infestation Pit  
  89  11:47  Mutalisk x3  
  88  11:54  Zergling x24  
  106  12:17  Overlord x6  
  106  12:27  Hive  
  106  12:35  Lurker x6  
  112  12:42  Hydralisk x3  
  118  12:45  Zergling x2  
  119  13:01  Drone x9  
  105  14:02  Hydralisk x6  
  99  14:03  Hydralisk x8  
  123  14:14  Queen  
Show
View Real Time Build Order
Export as new Build Order

tigro Terran - Winner!

Build Orders:  

Get SALT Encoding   

  12  0:02  SCV  
  13  0:14  SCV  
  14  0:21  Supply Depot  
  14  0:26  SCV  
  15  0:37  Refinery  
  15  0:43  SCV  
  16  0:50  Barracks  
  16  1:01  SCV  
  17  1:09  Refinery  
  17  1:13  SCV  
  18  1:20  Supply Depot  
  18  1:26  SCV  
  19  1:38  SCV  
  20  1:49  Marine  
  20  1:50  SCV  
  22  1:59  Barracks  
  22  2:06  Marine  
  23  2:10  SCV  
  24  2:22  SCV  
  25  2:24  Marine  
  26  2:38  Orbital Command  
  26  2:42  Marine  
  27  2:47  Engineering Bay  
  27  2:48  Factory  
  27  2:51  Barracks Reactor  
  27  3:00  Marine  
  28  3:16  Terran Infantry Weapons Level 1  
  28  3:20  Barracks Tech Lab  
  28  3:35  Factory Tech Lab  
  28  3:48  Starport  
  28  3:50  Marine  
  28  3:51  Marine x2  
  31  4:00  Combat Shield  
  31  4:08  Marine x3  
  34  4:22  Siege Tank  
  37  4:26  Marine x2  
  37  4:27  Starport  
  39  5:10  Terran Infantry Armor Level 1  
  39  5:26  Medivac, Marine  
  39  5:27  Starport Tech Lab  
  42  7:00  Starport Tech Lab  
  42  7:25  Stimpack  
  42  7:29  Neosteel Armor  
  42  7:37  Marine x3  
  45  7:47  Command Center  
  45  7:54  Marine  
  45  7:55  Marine x2  
  45  7:58  Siege Tank  
  37  8:12  Marine  
  35  8:13  Marine x2  
  35  8:19  Medivac  
  40  8:23  Medivac  
  42  8:30  Marine x2, Siege Tank  
  47  8:44  Refinery  
  47  8:50  Supply Depot  
  47  8:57  Fusion Core  
  47  8:59  Marine x3  
  50  9:02  Refinery  
  50  9:09  Hi-Sec Auto Tracking  
  50  9:13  Supply Depot  
  50  9:17  Marine x3  
  53  9:34  Marine x3  
  53  9:36  Supply Depot  
  39  9:49  Armory  
  39  9:52  Marine x3  
  33  9:59  Supply Depot  
  35  10:10  Marine  
  36  10:22  Medivac x2  
  34  10:36  Marine x3  
  37  10:52  Battlecruiser x2  
  37  10:53  Marine  
  37  10:54  Marine x2  
  52  11:01  Thor  
  58  11:11  Marine  
  58  11:12  Marine x2  
  58  11:15  SCV  
  62  11:27  SCV  
  62  11:29  Marine x3  
  66  11:33  Missile Turret  
  66  11:39  SCV  
  67  11:44  Weapon Refit  
  67  11:47  Marine  
  67  11:51  SCV  
  69  11:55  Terran Infantry Weapons Level 2, Missile Turret  
  69  12:04  SCV  
  70  12:25  Marine x3  
  70  12:26  Missile Turret  
  73  12:43  Marine x3  
  72  13:01  Marine  
  63  13:17  Marine x2  
  63  13:18  Marine  
  57  13:34  Marine  
  57  13:35  Marine  
  57  13:36  Marine  
  60  13:52  Marine  
  60  13:53  Marine  
  60  13:54  Marine  
  63  14:10  Marine x2  
  63  14:12  Marine  
  66  14:28  Marine x2  
  66  14:30  Marine  
Tags
 
Add a new tag
Caveats
  • Supply blocks, unpowered buildings, or Contaminate may cause inaccurate times.
  • Supply counts are checked every 10 seconds.